 Dungeon Crawl Stone Soup version 0.23.2-1-ga50397a (webtiles) character file.

Game seed: 429653869131638701

28158 night the Martial Artist (level 13, -2/114 HPs)
             Began as a Demonspawn Fire Elementalist on Apr 24, 2019.
             Was the Champion of Cheibriados.
             Slain by a black mamba (16 damage)
             ... on level 5 of the Lair of Beasts on Apr 25, 2019.
             The game lasted 01:27:26 (26368 turns).

night the Martial Artist (DsFE)                    Turns: 26368, Time: 01:27:26

Health: -2/114     AC: 17    Str: 25    XL:     13   Next: 8%
Magic:  20/25      EV: 16    Int: 36    God:    Cheibriados [******]
Gold:   611        SH:  0    Dex: 32    Spells: 10/28 levels left

rFire    . . .     SeeInvis .     - Unarmed
rCold    . . .     Gourm    .   (no shield)
rNeg     . . .     Faith    .   q - +3 ring mail {MR+}
rPois    +         Spirit   .   u - +2 hat {MR+}
rElec    +         Reflect  .   x - +0 cloak
rCorr    .         Harm     .   p - +2 pair of gloves
MR       ++...     Clarity  +   X - +1 pair of boots
Stlth    +++.......             (no amulet)
HPRegen  0.29/turn              j - +4 ring of evasion
MPRegen  0.19/turn              V - ring of poison resistance

@: very slow
A: hooves 2, thin skeletal structure 2, clarity, demonic guardian 2, sense
surroundings 1, robust 1, shaggy fur 1, electricity resistance, rot immunity
a: Bend Time, Temporal Distortion, Slouch, Step From Time, Renounce Religion


You were on level 5 of the Lair of Beasts.
You worshipped Cheibriados.
Cheibriados was exalted by your worship.
You were not hungry.

You visited 3 branches of the dungeon, and saw 17 of its levels.
You also visited: Ossuary and Bailey.

You collected 831 gold pieces.
You spent 220 gold pieces at shops.

Inventory:

Hand Weapons
 c - a +4 hunting sling
 o - a +3 shortbow of flaming
Missiles
 f - 265 stones (quivered)
 g - 82 bolts
 n - 94 sling bullets
 A - 181 arrows
 G - 5 tomahawks
Armour
 p - a +2 pair of gloves (worn)
 q - a +3 ring mail of magic resistance (worn)
 t - a +0 shield
 u - a +2 hat of magic resistance (worn)
 x - a +0 cloak (worn)
 J - the +1 leather armour "Fofiheso" {rElec rPois rF++ rC+}
   (You found it on level 6 of the Dungeon)

   It greatly protects you from fire.
   It protects you from cold.
   It insulates you from electricity.
   It protects you from poison.
 P - a +2 ring mail of cold resistance
 W - a scarf of cloud immunity
 X - a +1 pair of boots (worn)
Magical Staves
 a - an uncursed staff of conjuration
 S - an uncursed staff of death
Jewellery
 e - an uncursed ring of protection from cold {unknown}
 j - a +4 ring of evasion (left hand)
 I - an uncursed ring of resist corrosion
 K - an uncursed ring of wizardry
 V - a ring of poison resistance (right hand)
 Z - an uncursed ring of wizardry
Wands
 y - a wand of disintegration (8)
 E - a wand of clouds (3)
 L - a wand of iceblast (11)
 M - a wand of flame (21)
 O - a wand of paralysis (11)
 U - a wand of enslavement (5)
Scrolls
 k - 5 scrolls of enchant weapon
 m - 3 scrolls of magic mapping
 r - 5 scrolls of remove curse
 D - a scroll of immolation
 F - 3 scrolls of enchant armour
 Q - 14 scrolls of identify
 R - 3 scrolls of amnesia
Potions
 d - 3 potions of lignification
 h - a potion of mutation
 i - 5 potions of agility
 l - 4 potions of cancellation
 w - 2 potions of ambrosia
 z - a potion of brilliance
 B - 4 potions of curing
 C - 3 potions of heal wounds
 H - a potion of magic {unknown}
 N - 3 potions of flight {unknown}
Comestibles
 b - 25 rations


   Skills:
 + Level 10.4 Fighting
 - Level 1.7 Dodging
 - Level 1.7 Stealth
 + Level 12.0 Unarmed Combat
 - Level 8.1 Spellcasting
 - Level 8.7 Conjurations
 - Level 8.4 Fire Magic


You had 10 spell levels left.
You knew the following spells:

 Your Spells              Type           Power        Failure   Level  Hunger
a - Flame Tongue          Conj/Fire      #####        1%          1    None
b - Throw Flame           Conj/Fire      ######       1%          2    None
c - Sticky Flame          Conj/Fire      ######..     1%          4    None
d - Fireball              Conj/Fire      ######....   3%          5    ###....
e - Mephitic Cloud        Conj/Pois/Air  #####...     4%          3    None
f - Conjure Flame         Conj/Fire      ######..     1%          3    None

Your spell library contained the following spells:

 Spells                   Type           Power        Failure   Level  Hunger
 Magic Dart               Conj           ####         1%          1    None
 Searing Ray              Conj           ######       1%          2    None
 Throw Frost              Conj/Ice       #####.       1%          2    None
 Iskenderun's Mystic Bla  Conj           ######..     1%          4    None
 Dazzling Spray           Conj/Hex       #####.       2%          3    None
 Inner Flame              Hex/Fire       #####...     2%          3    None
 Animate Skeleton         Necr           N/A          4%          1    None
 Apportation              Tloc           ##....       4%          1    None
 Beastly Appendage        Tmut           ##....       4%          1    None
 Confusing Touch          Hex            ##....       4%          1    None
 Freeze                   Ice            ##..         4%          1    None
 Summon Small Mammal      Summ           ##..         4%          1    None
 Blink                    Tloc           N/A          7%          2    None
 Call Imp                 Summ           ##......     7%          2    None
 Slow                     Hex            ##......     7%          2    None
 Sticks to Snakes         Tmut           ##......     7%          2    None
 Force Lance              Conj/Tloc      #####...     7%          4    None
 Fulminant Prism          Conj/Hex       #####.....   7%          4    None
 Throw Icicle             Conj/Ice       #####...     7%          4    None
 Ozocubu's Armour         Chrm/Ice       ##......     13%         3    None
 Spider Form              Tmut/Pois      ##........   13%         3    None
 Ice Form                 Ice/Tmut       ##......     41%         4    None
 Summon Ice Beast         Ice/Summ       ##......     41%         4    None
 Blade Hands              Tmut           ##........   77%         5    ###....


Dungeon Overview and Level Annotations

Branches:
Dungeon (10/15)            Temple (1/1) D:5            Lair (6/6) D:9
  Swamp (0/4) Lair:3        Snake (0/4) Lair:3        Slime (0/5) Lair:5
    Orc: D:9-12

Altars:
Ashenzari
Cheibriados
Dithmenos
Elyvilon
Gozag
Hepliaklqana
Kikubaaqudgha
Makhleb
Nemelex Xobeh
Okawaru
Qazlal
Ru
Sif Muna
Trog
Vehumet
Wu Jian
Xom
Yredelemnul
Zin
The Shining One
Jiyva

Shops:
D:5 *

Annotations:
D:5 Sigmund
D:9 1 transporter, Lazygun's ghost, novice DrCj
Lair:1 exclusion: hydra


Innate Abilities, Weirdness & Mutations

You have hoof-like feet.
You have a moderately thin skeletal structure. (Dex +4, Stealth+)
A demonic guardian rushes to your aid.
You are robust. (+10% HP)
You are immune to rotting.
You possess an exceptional clarity of mind.
You passively map a small area around you.
You are covered in fur. (AC +1)
You are resistant to electric shocks. (rElec)


Message History

The black mamba bites you but does no damage.
The spiny frog is engulfed in blazing flames.
You kill the spiny frog!
Cheibriados thoroughly appreciates the change of pace.
You feel better.
The black mamba burns!
The black mamba bites you!
* * * LOW HITPOINT WARNING * * *
The spiny frog stings you but does no damage.
The black mamba bites you.
* * * LOW HITPOINT WARNING * * *
The spiny frog barely misses you.
The black mamba burns!
The black mamba stops burning.
The black mamba bites you!
* * * LOW HITPOINT WARNING * * *
The black mamba barely misses you.
The spiny frog is engulfed in blazing flames.
The spiny frog stings you.
* * * LOW HITPOINT WARNING * * *
Your smoke demon gestures at the spiny frog.
The ball of steam hits the spiny frog!
The black mamba bites you!
You die...

#P.....P....#.P..#...........+#..
.P..####....#....P........#.#+.##
....## #........................#
.....# #...).....##........#.....
.....# #..................##.....
...#####....###.##........##P..##
##..###.........P#......<......#.
#..##............PP..............
................@S>..............
................3F§§§§...........
.................................
.................................
.................................
...#.#...........................
...####......P#..................
#...##.................P...##.##.
....#P.......#....P....#.#.#####.


You could see a black mamba, a spiny frog and a friendly smoke demon.

Vanquished Creatures
  Snorg (Lair:4)
  Harold (D:7)
  2 hydras
  Fannar (Lair:3)
  Urug (Lair:3)
  An orc high priest (Bailey)
  An orc knight (Bailey)
  2 torpor snails
  5 black mambas
  7 spiny frogs
  A kobold demonologist (Bailey)
  3 komodo dragons
  A hornet (D:10)
  A polar bear (Lair:6)
  3 blink frogs
  2 bog bodies (Lair:3)
  5 hippogriffs
  A spriggan (D:9)
  A wyvern (Lair:5)
  A wraith (Ossuary)
  Eustachio (D:6)
  12 yaks
  Grum (D:8)
  6 basilisks
  17 water moccasins
  Duvessa (D:5)
  2 black bears
  5 porcupines
  10 orc warriors
  2 phantoms (D:4)
  A slave (D:6)
  5 ogres
  10 wolves
  4 centaurs
  5 crocodiles
  11 bullfrogs
  Dowan (D:5)
  A scorpion (D:8)
  A wyvern skeleton (D:6)
  9 killer bees
  4 wights (Ossuary)
  8 electric eels
  2 bullfrog zombies (D:10)
  3 howler monkeys (D:9)
  3 crimson imps
  3 jellies
  2 quasits
  3 bullfrog skeletons
  4 orc wizards
  8 orc priests
  10 worker ants
  An iguana (D:8)
  A hound zombie (D:6)
  2 worker ant zombies
  18 adders
  7 gnolls
  4 oozes
  2 adder skeletons
  3 adder zombies
  4 worms
  5 dart slugs
  4 leopard geckos
  36 orcs
  2 ball pythons (D:2)
  12 bats
  5 giant cockroaches
  7 goblins
  19 hobgoblins
  15 jackals
  4 kobolds
  5 quokkas
  A ball python skeleton (Ossuary)
  7 frilled lizards
  A hobgoblin skeleton (Ossuary)
  A hobgoblin zombie (Ossuary)
  A kobold zombie (Ossuary)
  A leopard gecko skeleton (D:7)
  2 orc skeletons (Ossuary)
  An orc zombie (Ossuary)
  A quokka skeleton (D:5)
  A rat (D:2)
369 creatures vanquished.

Vanquished Creatures (collateral kills)
  Gastronok (Lair:1)
  A hydra (Lair:5)
  Pikel (D:6)
  A black mamba (Lair:3)
  2 spiny frogs
  A hornet (D:9)
  7 blink frogs (Lair:1)
  2 hippogriffs
  A wraith (Ossuary)
  A basilisk (Lair:2)
  4 yaks
  A water moccasin (Lair:5)
  An orc warrior (Bailey)
  3 slaves (D:6)
  A centaur (D:5)
  3 wolves (Lair:1)
  2 bullfrogs
  A hound (D:7)
  4 orcs
  A goblin (Bailey)
  2 hobgoblins (Bailey)
41 creatures vanquished.

Vanquished Creatures (others)
  9 fungi (Lair:3)
  8 plants
17 creatures vanquished.

Grand Total: 427 creatures vanquished

Notes
Turn   | Place    | Note
-------+----------+-------------------------------------------
     0 | D:1      | night the Demonspawn Fire Elementalist began the quest for
                  | the Orb.
     0 | D:1      | Reached XP level 1. HP: 13/13 MP: 3/3
    54 | D:1      | Gained mutation: You are immune to rotting. [demonic
                  | ancestry]
    54 | D:1      | Reached XP level 2. HP: 19/19 MP: 0/5
   904 | D:2      | Learned a level 2 spell: Throw Flame
   946 | D:2      | Reached XP level 3. HP: 24/24 MP: 1/6
  1598 | D:2      | Found a shadowy altar of Dithmenos.
  1756 | D:2      | Reached skill level 1 in Unarmed Combat
  2088 | D:2      | Gained mutation: You have a somewhat thin skeletal
                  | structure. (Dex +2, Stealth) [demonic ancestry]
  2088 | D:2      | Reached XP level 4. HP: 30/30 MP: 4/7
  2749 | D:3      | Learned a level 4 spell: Sticky Flame
  2813 | D:3      | Found an iron altar of Okawaru.
  3452 | D:3      | Gained mutation: You have a moderately thin skeletal
                  | structure. (Dex +4, Stealth+) [demonic ancestry]
  3452 | D:3      | Reached XP level 5. HP: 35/35 MP: 1/9
  3624 | D:3      | Found an iron altar of Okawaru.
  4670 | D:4      | Noticed a phantom
  5160 | D:4      | Reached skill level 2 in Unarmed Combat
  5236 | D:4      | Found a glowing silver altar of Zin.
  5333 | D:4      | Noticed an ogre
  5343 | D:4      | Killed an ogre
  5343 | D:4      | Gained mutation: A weak demonic guardian rushes to your
                  | aid. [demonic ancestry]
  5343 | D:4      | Reached XP level 6. HP: 41/41 MP: 0/11
  5807 | D:4      | Reached XP level 7. HP: 44/46 MP: 6/12
  5817 | D:4      | Learned a level 5 spell: Fireball
  6051 | D:4      | Reached skill level 3 in Unarmed Combat
  6625 | D:5      | Entered Level 5 of the Dungeon
  6749 | D:5      | Found a sand-covered staircase.
  6773 | Ossuary  | Entered an ossuary
  7133 | Ossuary  | Noticed a flying skull
  7133 | Ossuary  | Noticed a wraith
  7139 | Ossuary  | Noticed a flying skull
  7168 | Ossuary  | Noticed a wraith
  7187 | Ossuary  | Killed a wraith
  7187 | Ossuary  | Reached skill level 5 in Fire Magic
  7187 | Ossuary  | Reached XP level 8. HP: 19/52 MP: 1/14
  7387 | Ossuary  | Noticed a flying skull
  7408 | Ossuary  | Reached skill level 4 in Unarmed Combat
  7623 | Ossuary  | Noticed a flying skull
  7633 | Ossuary  | Reached skill level 5 in Conjurations
  7763 | D:5      | Noticed Dowan
  7987 | D:5      | Reached skill level 5 in Spellcasting
  8005 | D:5      | Noticed Duvessa
  8036 | D:5      | Killed Duvessa
  8064 | D:5      | Killed Dowan
  8270 | D:5      | Found Eriate's General Store.
  8483 | D:5      | Found a basalt altar of Yredelemnul.
  8594 | D:5      | Found a staircase to the Ecumenical Temple.
  8599 | D:5      | Noticed Sigmund
  8610 | Temple   | Entered the Ecumenical Temple
  8663 | Temple   | Became a worshipper of Cheibriados the Contemplative
  8908 | D:6      | Noticed Pikel
  8931 | D:6      | Killed Pikel
  8931 | D:6      | Reached skill level 5 in Unarmed Combat
  9172 | D:6      | HP: 1/52 [orc priest/divine providence (10)]
  9477 | D:5      | HP: 2/78 [orc warrior/+0 dire flail (12)]
  9823 | D:6      | Gained mutation: You have large cloven feet. [demonic
                  | ancestry]
  9823 | D:6      | Reached XP level 9. HP: 57/57 MP: 14/17
  9937 | D:6      | Reached * piety under Cheibriados
 10325 | D:6      | Got a scorched leather armour
 10336 | D:6      | Identified the +1 leather armour "Fofiheso" {rElec rPois
                  | rF++ rC+} (You found it on level 6 of the Dungeon)
 10338 | D:6      | Noticed Eustachio
 10352 | D:6      | Killed Eustachio
 10454 | D:6      | Found a sparkling altar of Nemelex Xobeh.
 11164 | D:5      | Bought a book of Minor Magic for 220 gold pieces
 11168 | D:5      | Learned a level 3 spell: Mephitic Cloud
 11172 | D:5      | Learned a level 3 spell: Conjure Flame
 11403 | D:7      | Reached ** piety under Cheibriados
 11809 | D:7      | Noticed Harold
 11830 | D:7      | Killed Harold
 11830 | D:7      | Reached skill level 6 in Unarmed Combat
 12085 | D:7      | Found an ornate altar of the Wu Jian Council.
 12256 | D:7      | Found a sacrificial altar of Ru.
 12295 | D:8      | Identified a scroll of acquirement
 12313 | D:8      | Found a flagged portal.
 12322 | Bailey   | Entered a bailey
 12352 | Bailey   | Noticed an orc knight
 12358 | Bailey   | Killed an orc knight
 12358 | Bailey   | Gained mutation: You have hoof-like feet. [demonic
                  | ancestry]
 12358 | Bailey   | Reached XP level 10. HP: 51/63 MP: 16/20
 12438 | Bailey   | Noticed an orc high priest
 12439 | Bailey   | Found an iron altar of Okawaru.
 12460 | Bailey   | Noticed a smoke demon
 12469 | Bailey   | HP: 1/63 [smoke demon/divine providence[an orc high priest]
                  | (8)]
 12670 | Bailey   | Reached *** piety under Cheibriados
 13099 | Bailey   | Noticed a sun demon
 13099 | Bailey   | Noticed an orange demon
 13102 | Bailey   | Killed an orc high priest
 13866 | D:8      | Noticed Grum
 13871 | D:8      | Reached skill level 7 in Unarmed Combat
 13876 | D:8      | Killed Grum
 14223 | D:8      | Reached **** piety under Cheibriados
 14239 | D:8      | Found an ancient bone altar of Kikubaaqudgha.
 14331 | D:8      | Found a glowing golden altar of the Shining One.
 14797 | D:8      | Found an opulent altar of Gozag.
 14863 | D:8      | Found a sparkling altar of Nemelex Xobeh.
 15405 | D:9      | Found a hazy altar of Hepliaklqana.
 15742 | D:9      | Found a staircase to the Lair.
 15957 | D:9      | Reached ***** piety under Cheibriados
 16040 | D:9      | Found a transporter.
 16044 | D:9      | Noticed Lazygun's ghost (novice DrCj)
 16044 | D:9      | Noticed a moth of wrath
 16217 | D:9      | Gained mutation: A demonic guardian rushes to your aid.
                  | [demonic ancestry]
 16217 | D:9      | Reached XP level 11. HP: 68/68 MP: 15/23
 16413 | D:10     | Entered Level 10 of the Dungeon
 17372 | D:10     | Reached skill level 1 in Fighting
 17784 | Lair:1   | Entered Level 1 of the Lair of Beasts
 17804 | Lair:1   | Reached skill level 8 in Unarmed Combat
 18471 | Lair:1   | Noticed a seven-headed hydra
 18501 | Lair:1   | Noticed Gastronok
 18510 | Lair:1   | Killed Gastronok
 18510 | Lair:1   | Reached skill level 9 in Unarmed Combat
 19087 | Lair:2   | Reached skill level 5 in Fighting
 19482 | Lair:2   | Noticed a seven-headed hydra
 19485 | Lair:2   | Killed a seven-headed hydra
 20353 | Lair:3   | Reached skill level 10 in Unarmed Combat
 20409 | Lair:3   | Reached XP level 12. HP: 77/89 MP: 5/24
 20816 | Lair:3   | Found a staircase to the Snake Pit.
 21106 | Lair:3   | Noticed Fannar
 21128 | Lair:3   | Killed Fannar
 21521 | Lair:3   | Found a staircase to the Swamp.
 21562 | Lair:3   | Reached ****** piety under Cheibriados
 21872 | Lair:3   | Noticed Urug
 21894 | Lair:3   | Killed Urug
 22729 | Lair:4   | Noticed Snorg
 22740 | Lair:4   | Killed Snorg
 22740 | Lair:4   | Reached skill level 11 in Unarmed Combat
 23981 | Lair:5   | Found a runed translucent door.
 23981 | Lair:5   | Found a viscous altar of Jiyva.
 24026 | Lair:5   | Noticed a six-headed hydra
 24029 | Lair:5   | Killed a six-headed hydra
 24279 | Lair:5   | Noticed a four-headed hydra
 24294 | Lair:5   | Killed a four-headed hydra
 24616 | Lair:5   | Found a staircase to the Slime Pits.
 24635 | Lair:5   | Reached skill level 10 in Fighting
 25583 | Lair:6   | Entered Level 6 of the Lair of Beasts
 25628 | Lair:5   | Gained mutation: You are robust. (+10% HP) [demonic
                  | ancestry]
 25628 | Lair:5   | Reached XP level 13. HP: 41/113 MP: 14/25
 25951 | Lair:6   | Reached skill level 12 in Unarmed Combat
 26087 | Lair:6   | Gained mutation: You passively map a small area around you.
                  | [potion of mutation]
 26087 | Lair:6   | Gained mutation: You are covered in fur. (AC +1) [potion of
                  | mutation]
 26087 | Lair:6   | Gained mutation: You possess an exceptional clarity of
                  | mind. [potion of mutation]
 26087 | Lair:6   | Gained mutation: You are resistant to electric shocks.
                  | (rElec) [potion of mutation]
 26368 | Lair:5   | Slain by a black mamba

Skill      XL: |  1  2  3  4  5  6  7  8  9 10 11 12 13 |
---------------+----------------------------------------+-----
Fire Magic     | 3 4 5 6 7 8 |  8.4
Conjurations   | 2 3 4 5 7 8 |  8.7
Unarmed Combat | 1 2 3 5 6 7 10 11 12 | 12.0
Spellcasting   | 3 4 5 6 8 |  8.1
Fighting       | 6 10 | 10.4
Dodging        | |  1.7
Stealth        | |  1.7

Action                   |  1- 3 |  4- 6 |  7- 9 | 10-12 | 13-15 || total
-------------------------+-------+-------+-------+-------+-------++-------
Melee: Unarmed           |    47 |    26 |    87 |   130 |    18 ||   308
       Punch             |       |       |     2 |    15 |     4 ||    21
       Kick              |       |       |     9 |     1 |       ||    10
       Staff             |       |       |       |     2 |       ||     2
 Fire: Shortbow          |       |       |       |     8 |       ||     8
Throw: Tomahawk          |       |       |     2 |       |       ||     2
 Cast: Flame Tongue      |    58 |    96 |   206 |   242 |     1 ||   603
       Throw Flame       |     6 |    45 |    64 |   376 |    16 ||   507
       Mephitic Cloud    |       |       |     3 |    17 |     1 ||    21
       Sticky Flame      |       |       |     2 |       |     1 ||     3
       Fireball          |       |       |       |    15 |     2 ||    17
       Conjure Flame     |       |       |       |    10 |     1 ||    11
Evoke: Wand              |       |       |     5 |    18 |       ||    23
  Use: Scroll            |       |     6 |     5 |    12 |     1 ||    24
       Potion            |       |       |     3 |     5 |     5 ||    13
 Stab: Sleeping          |     1 |       |     2 |     1 |       ||     4
       Distracted        |       |       |     1 |     2 |       ||     3
       Confused          |       |       |     1 |     5 |     3 ||     9
       Paralysed         |       |       |       |     1 |       ||     1
  Eat: Chunk             |     4 |    12 |    10 |    14 |     1 ||    41
       Ration            |       |     1 |     2 |     2 |       ||     5
Armor: Robe              |     9 |     7 |    31 |       |       ||    47
       Leather armour    |       |       |    15 |   101 |     6 ||   122
       Ring mail         |       |       |       |       |    11 ||    11
Dodge: Dodged            |    50 |    36 |   163 |   333 |    57 ||   639
